 Dungeon Crawl Stone Soup version 0.19.4-8-ga85b6b9 (console) character file.

263 Grinner the Ruffian (level 5, -2/40 HPs)
             Began as a Minotaur Transmuter on Feb 8, 2017.
             Slain by an orc
             ... wielding a +0 trident
              (7 damage)
             ... on level 3 of the Dungeon.
             The game lasted 00:05:45 (2251 turns).

Grinner the Ruffian (Minotaur Transmuter)           Turns: 2251, Time: 00:05:45

Health: -2/40      AC:  5    Str: 15    XL:     5   Next: 98%
Magic:  5/6        EV: 13    Int: 11    God:
Gold:   152        SH:  0    Dex: 10    Spells: 1 memorised, 5 levels left

rFire  . . .     SeeInvis .       - Unarmed
rCold  . . .     Gourm    .     b - +0 robe
rNeg   . . .     Faith    .     (no shield)
rPois  .         Spirit   .     (helmet restricted)
rElec  .         Reflect  .     (no cloak)
rCorr  .         Harm     .     h - +0 pair of gloves
MR     .....                    l - +1 pair of boots
Stlth  +.........               (no amulet)
                                (no ring)
                                (no ring)

@: no status effects
A: retaliatory headbutt, horns 2
a: no special abilities


You were on level 3 of the Dungeon.
You were hungry.

You visited 1 branch of the dungeon, and saw 3 of its levels.

You collected 152 gold pieces.

Inventory:

Hand Weapons
 a - a +1 dagger of electrocution
 k - a +1 dagger of venom
 o - a +2 long sword of holy wrath
Missiles
 m - 33 arrows
Armour
 b - a +0 robe (worn)
 h - a +0 pair of gloves (worn)
 l - a +1 pair of boots (worn)
Scrolls
 e - 4 scrolls of identify {unknown}
 i - a scroll of random uselessness {unknown}
 j - a scroll of remove curse {unknown}
 n - a scroll of immolation {unknown}
 p - a scroll of enchant armour {unknown}
Potions
 c - a potion of might {unknown}
 r - a potion of mutation {unknown}
Books
 s - a book of Changes

   Spells                             Type                      Level
   a - Beastly Appendage              Transmutation                1
   b - Sticks to Snakes               Transmutation                2
   c - Spider Form                    Transmutation/Poison         3
   d - Ice Form                       Ice/Transmutation            4
   e - Blade Hands                    Transmutation                5
Comestibles
 d - a bread ration
 g - 2 beef jerkies


   Skills:
 - Level 1.2 Fighting
 + Level 2.2 Short Blades
 + Level 4.0 Dodging
 * Level 6.0 Unarmed Combat
 - Level 1.3 Spellcasting
 - Level 1.5 Transmutations


You had 5 spell levels left.
You knew the following spells:

 Your Spells              Type           Power        Failure   Level  Hunger
z - Beastly Appendage     Tmut           #.....       21%         1    ##.....


Dungeon Overview and Level Annotations

Branches:
Dungeon (3/15)

Altars:
Nemelex Xobeh


Innate Abilities, Weirdness & Mutations

You reflexively headbutt those who attack you in melee.
You have a pair of horns on your head.


Message History

You barely miss something. You completely miss something.
You hear some strange, mumbled words.
A puff of flame appears from out of thin air!
The puff of flame hits you!
* * * LOW HITPOINT WARNING * * *
The orc hits you from afar with a trident.
* * * LOW HITPOINT WARNING * * *
You barely miss something. You headbutt something!
You hear some strange, mumbled words.
Something tries to affect you, but you resist.
The orc hits you but does no damage.
You bump into the rock wall.
Something hits you.
* * * LOW HITPOINT WARNING * * *
The orc closely misses you.
You bump into the rock wall.
You feel less confused. Something hits you but does no damage.
The orc hits you from afar with a trident!
You die...

#.####.#####..###.
#.................
#.####.####.#.....
#.# #.# #..#.>...
#.# #.###........
#.# #.##.........
#.####............
#[##....<.........
#@.o...[......#.##
####..............
#.....####.#.##
#.....# ###.#
###.### # #.. ####


You could see an orc.

Vanquished Creatures
  2 orc priests (D:3)
  Jessica (D:3)
  Natasha (thrice) (D:3)
  Robin (D:3)
  2 adders (D:3)
  An ooze (D:1)
  A dart slug (D:1)
  A leopard gecko (D:1)
  6 orcs (D:3)
  2 ball pythons
  4 bats (D:1)
  2 giant cockroaches
  11 goblins
  12 hobgoblins
  4 jackals (D:1)
  2 frilled lizards (D:2)
  4 kobolds
  4 rats (D:1)
63 creatures vanquished.

Notes
Turn   | Place    | Note
-------+----------+-------------------------------------------
     0 | D:1      | Grinner the Minotaur Transmuter began the quest for the Orb.
     0 | D:1      | Reached XP level 1. HP: 16/16 MP: 1/1
   267 | D:1      | Reached XP level 2. HP: 20/23 MP: 3/3
   416 | D:1      | Reached skill level 4 in Unarmed Combat
   468 | D:1      | Reached XP level 3. HP: 20/28 MP: 4/4
   957 | D:3      | Noticed Jessica
   974 | D:3      | Killed Jessica
   974 | D:3      | Reached XP level 4. HP: 30/35 MP: 5/5
  1190 | D:3      | Noticed Robin
  1199 | D:3      | Reached skill level 5 in Unarmed Combat
  1200 | D:3      | Reached skill level 1 in Short Blades
  1215 | D:3      | Killed Robin
  1510 | D:3      | Found a sparkling altar of Nemelex Xobeh.
  1591 | D:3      | Noticed Natasha
  1602 | D:3      | Killed Natasha
  1602 | D:3      | Reached XP level 5. HP: 29/40 MP: 6/6
  1769 | D:3      | Noticed Natasha
  1789 | D:3      | Killed Natasha
  1792 | D:3      | Noticed Natasha
  1803 | D:3      | Killed Natasha
  2060 | D:3      | Reached skill level 6 in Unarmed Combat
  2251 | D:3      | Slain by an orc

Skill      XL: |  1  2  3  4  5 |
---------------+----------------+-----
Unarmed Combat | 4 5 6 |  6.0
Dodging        | 3 4 |  4.0
Short Blades   | 1 2 |  2.2
Fighting       | |  1.2
Spellcasting   | |  1.3
Transmutations | |  1.5

Action                   |  1- 3 |  4- 6 || total
-------------------------+-------+-------++-------
Melee: Unarmed           |    71 |    47 ||   118
       Headbutt          |     9 |     6 ||    15
       Punch             |     2 |     2 ||     4
       Dagger            |       |    65 ||    65
  Use: Potion            |       |     4 ||     4
 Stab: Sleeping          |     1 |       ||     1
  Eat: Pizza             |       |     1 ||     1
       Chunk             |       |     2 ||     2
Armor: Robe              |    12 |    21 ||    33
       Skin              |       |    57 ||    57
Dodge: Dodged            |    45 |    48 ||    93
